 Dungeon Crawl Stone Soup version 0.28-a0-1485-g077359a4bf (webtiles) character file.

Game seed: 13406136043073225971

209 kae the Changer (level 5, -1/40 HPs)
             Began as a Draconian Transmuter on Jan 11, 2022.
             Killed from afar by an orc wizard (7 damage)
             ... with a magic dart
             ... on level 4 of the Dungeon.
             The game lasted 00:02:09 (3301 turns).

kae the Changer (Draconian Transmuter)              Turns: 3301, Time: 00:02:10

Health: -1/40      AC:  2    Str: 13    XL:     5   Next: 55%
Magic:  8/10       EV: 19    Int: 15    God:
Gold:   185        SH:  0    Dex: 16    Spells: 2/10 levels left

rFire   + . .      SeeInvis .     - Unarmed
rCold   + . .      Faith    .   (shield currently unavailable)
rNeg    . . .      Spirit   .   (armour unavailable)
rPois   .          Reflect  .   (helmet currently unavailable)
rElec   +          Harm     .   (cloak currently unavailable)
rCorr   +          Rampage  .   (gloves currently unavailable)
Will    .....                   (boots currently unavailable)
Stlth   +.........              (no amulet)
HPRegen 0.13/turn               (no ring)
MPRegen 0.12/turn               (no ring)

@: brilliant, about to teleport, spider-form, resistant, attractive
A: venomous fangs, AC +5, tiny, unfitting armour, (cold-blooded)
a: End Transformation


You were on level 4 of the Dungeon.
You were a venomous arachnid creature.
You visited 1 branch of the dungeon, and saw 4 of its levels.

You collected 185 gold pieces.

Inventory:

Hand Weapons
 b - a +1 vampiric hand axe (melded)
Scrolls
 e - a scroll of teleportation
 k - a scroll of amnesia
Potions
 c - a potion of haste
 f - a potion of degeneration


   Skills:
 - Level 1.1 Fighting
 - Level 1.7 Dodging
 - Level 3.0 Unarmed Combat
 + Level 3.4 Spellcasting
 * Level 4.8 Transmutations
 * Level 0.0 Ice Magic
 - Level 1.0 Poison Magic


You had 2 spell levels left.
You knew the following spells:

 Your Spells              Type           Power      Damage    Failure   Level
a - Beastly Appendage     Tmut           50%        N/A       10%         1
b - Spider Form           Tmut/Pois      16%        N/A       36%         3
c - Ice Form              Ice/Tmut       14%        N/A       77%         4

Your spell library contained the following spells:

 Spells                   Type           Power      Damage    Failure   Level
 Wereblood                Tmut           25%        N/A       13%         2
 Summon Small Mammal      Summ           12%        N/A       38%         1
 Blink                    Tloc           6%         N/A       50%         2
 Call Canine Familiar     Summ           3%         N/A       71%         3
 Confusing Touch          Hex            3%         N/A       71%         3
 Gell's Gravitas          Tloc           3%         N/A       71%         3
 Summon Guardian Golem    Hex/Summ       3%         N/A       71%         3
 Manifold Assault         Tloc           3%         N/A       100%        5
 Dispersal                Tloc           1%         N/A       100%        6
 Storm Form               Tmut/Air       7%         N/A       100%        7


Dungeon Overview and Level Annotations

Branches:
Dungeon (4/15)
 Temple: D:4-7

Altars:
Fedhas
Hepliaklqana
Qazlal

Annotations:
D:2 1 runed translucent door, Crazy Yiuf


Innate Abilities, Weirdness & Mutations

You are a venomous arachnid creature.
You have poisonous fangs.
You are tiny and dextrous.
Your spellcasting is less reliable in this form.
Your armour is entirely melded.
You are incapable of wielding weapons or throwing items.
((Your plain brown scales are hard. (AC +5)))
You cannot fit into any form of body armour.
((You are cold-blooded and may be slowed by cold attacks.))


Message History

The orc wizard casts a spell.
The orc wizard flickers and vanishes!
Something hits you but does no damage. The orc is attracted toward you.
Something hits you but does no damage. Something is attracted toward you.
Something hits you.
You closely miss something.
Your tail-slap misses something.
You barely miss something.
Something hits you but does no damage. x2
You feel less confused.
Casting: Beastly Appendage (safe; 2% risk of failure)
Confirm with . or Enter, or press ? or * to list all spells.
The spell is quite dangerous to miscast (17% risk of failure)!
Continue anyway? [Y]es or [N]o only, please.
The spell is quite dangerous to miscast (17% risk of failure)!
Continue anyway?
You feel a surge of power!
Your horns disappear.
Your talons disappear.
You turn into a venomous arachnid creature.
Your +1 vampiric hand axe melds into your body.
You feel the dreadful sensation subside.
You hear some strange, mumbled words.
A magic dart appears from out of thin air!
The magic dart hits you!
You barely miss something. Something hits you but does no damage.
The orc hits you with a +0 club. Something hits you but does no damage.
You barely miss something. Something hits you. The orc closely misses you.
Something hits you.
You closely miss something. Something hits you but does no damage.
The orc hits you with a +0 club.
* * * LOW HITPOINT WARNING * * *
You miss something. Something hits you.
* * * LOW HITPOINT WARNING * * *
Something closely misses you.
You closely miss something. The orc closely misses you. Something hits you.
* * * LOW HITPOINT WARNING * * *
Okay, then.
As you read the scroll of teleportation, it crumbles to dust.
You feel strangely unstable.
You hear some strange, mumbled words.
A magic dart appears from out of thin air!
The magic dart hits you!
You die...

###### # #....#######
######## #....##...#.
#......# #....##.....
#......###...........
#......#.#.>........#
########.............#.....#
.......#...{o$..#...........
.......#.$.s{..#####......##
...........?..## ##.....#
.......#...#### ##...##
.......#.### #...#
.........# +...'. .........#
...#. .........# ..........
..........


You could see an orc.

Vanquished Creatures
  A scorpion (D:4)
  A jelly (D:3)
  5 adders (D:2)
  2 worms
  A dart slug (D:1)
  2 orcs
  9 endoplasms
  7 giant cockroaches
  10 goblins
  6 hobgoblins
  A kobold (D:2)
  3 quokkas
  5 ball pythons (D:2)
  A bat (D:2)
  3 frilled lizards (D:2)
  2 rats
59 creatures vanquished.

Notes
Turn   | Place    | Note
-------+----------+-------------------------------------------
     0 | D:1      | kae the Draconian Transmuter began the quest for the Orb.
     0 | D:1      | Reached XP level 1. HP: 16/16 MP: 3/3
   269 | D:1      | Got the Guide on the Voyage and Bewitchment
   288 | D:1      | Found a faded altar of an unknown god.
   353 | D:1      | Reached XP level 2. HP: 17/23 MP: 3/5
   716 | D:2      | Reached skill level 3 in Transmutations
   908 | D:2      | Found a runed translucent door.
   909 | D:2      | Noticed Crazy Yiuf
   927 | D:2      | Reached XP level 3. HP: 25/28 MP: 4/6
   931 | D:2      | Learned a level 3 spell: Spider Form
  1187 | D:2      | Found a hazy altar of Hepliaklqana.
  1275 | D:2      | Reached skill level 1 in Poison Magic
  1507 | D:2      | Reached XP level 4. HP: 32/35 MP: 6/8
  1987 | D:3      | Found a stormy altar of Qazlal.
  1990 | D:3      | Found a blossoming altar of Fedhas.
  2109 | D:3      | Reached skill level 4 in Transmutations
  2789 | D:3      | Reached XP level 5. HP: 28/40 MP: 6/9
  3214 | D:3      | Learned a level 4 spell: Ice Form
  3276 | D:4      | Gained mutation: Your spells are a little easier to cast,
                  | but a little less powerful. [potion of mutation]
  3276 | D:4      | Lost mutation: Your spells are a little easier to cast, but
                  | a little less powerful. [potion of mutation]
  3301 | D:4      | Killed from afar by an orc wizard

Illustrated notes

Levels and vault maps discovered:
D:1:      onia_arrival_pyramid, layout_rooms,
          shapermc_ecumenical_altar_notcrosses
D:2:      minmay_chambers_of_ones, layout_rooms, basic_altar, minivault_19,
          uniq_crazy_yiuf_cottage
D:3:      layout_loops_ring, grunt_temple_overflow_forces_of_nature,
          minivault_26, corexii_corridor_pit, corexii_shack
D:4:      kennysheep_six_static_rooms, layout_rooms,
          cheibrodos_ashenzari_chains, minmay_goblin_outpost, uniq_natasha,
          uniq_ijyb

Skill      XL: |  1  2  3  4 |
---------------+-------------+-----
Transmutations | 3 4 |  4.8
Poison Magic   | 1 |  1.0
Spellcasting   | 3 |  3.4
Fighting       | |  1.1
Dodging        | |  1.7
Unarmed Combat | |  3.0

Action                   |  1- 3 |  4- 6 || total
-------------------------+-------+-------++-------
Melee: Hand axe          |    84 |    49 ||   133
       Unarmed           |     3 |    26 ||    29
       Tailslap          |    12 |     6 ||    18
       Kick              |     5 |     5 ||    10
       Headbutt          |     7 |     3 ||    10
       Punch             |     1 |     1 ||     2
 Cast: Beastly Appendage |    23 |     7 ||    30
       Spider Form       |       |     5 ||     5
  Use: Scroll            |       |     6 ||     6
       Potion            |       |     5 ||     5
 Stab: Sleeping          |     1 |       ||     1
Armor: Skin              |    31 |    23 ||    54
Dodge: Dodged            |    62 |    62 ||   124

Table legend: (Time is in decaauts)
 A = Elapsed time spent in this place.
 B = Non-inter-level travel time spent in this place.
 C = Inter-level travel time spent in this place.
 D = Time resting spent in this place.
 E = Time spent auto-exploring this place.
 F = Levels seen in this place.
 G = Mean time per level.
                   A        B        C        D        E       F      G
               +--------+--------+--------+--------+--------+-----+--------+
         Total |   3345 |   3210 |    135 |     87 |   2609 |   4 |  836.2 |
       Dungeon |   3345 |   3210 |    135 |     87 |   2609 |   4 |  836.2 |
               +--------+--------+--------+--------+--------+-----+--------+

Top non-repeatable levels by time:
     D:2: 1266 daAuts
     D:3: 1191 daAuts
     D:1: 717 daAuts
     D:4: 170 daAuts
